Phantoms vs Penguins

Created - Sunday, January 03, 2016 at 03:23

Goals
1 2 3 T
Phantoms 5 4 5 14
Penguins 0 1 0 1
Shots
1 2 3 T
Phantoms 6 6 14 26
Penguins 8 13 17 38

1st period

1. Phantoms , Chris Neil 9 (Byron Froese) at 1:11 (PP)
2. Phantoms , Ben Street 3 (Bryan Allen, Brian Strait) at 8:53
3. Phantoms , Byron Froese 5 (Garrett Wilson, Deryk Engelland) at 9:49
4. Phantoms , Bryan Lerg 4 (Chris Neil, Byron Froese) at 13:11
5. Phantoms , Tom Sestito 2 (Bryan Allen, Brian Strait) at 16:14

Penalties :
Jeff Schultz (WBS) for Holding Stick (Minor) at 0:17, Keegan Lowe (LEH) for Tripping (Minor) at 7:54, Jeff Schultz (WBS) for Hooking (Minor) at 8:39

2nd period

6. Phantoms , Cody Bass 2 (Chris Langkow) at 3:12
7. Phantoms , Bryan Allen 5 (Brian Strait) at 3:58 (PP)
8. Penguins , Adam Clendening 7 (Patrice Cormier) at 11:57 (PP)
9. Phantoms , Brian Strait 10 (Ben Street) at 16:20 (PP)
10. Phantoms , Bryan Allen 6 (Nathan Longpre) at 16:24

Penalties :
Patrice Cormier (WBS) for Fighting (Major) at 0:45, Chris Neil (LEH) for Fighting (Major) at 0:45, Xavier Ouellet (WBS) for Holding Stick (Minor) at 3:43, Drew Bagnall (WBS) for Fighting (Major) at 4:39, Stephen Johns (LEH) for Fighting (Major) at 4:39, Garrett Wilson (LEH) for Hooking (Minor) at 5:04, Justin Vaive (WBS) for Fighting (Major) at 8:14, Tom Sestito (LEH) for Fighting (Major) at 8:14, Jeff Schultz (WBS) for Fighting (Major) at 8:29, Chris Langkow (LEH) for Fighting (Major) at 8:29, Trevor Parkes (WBS) for Fighting (Major) at 9:06, Deryk Engelland (LEH) for Fighting (Major) at 9:06, Chris Neil (LEH) for Hooking (Minor) at 10:53, Patrice Cormier (WBS) for Roughing (Minor) at 16:07

3rd period

11. Phantoms , Bryan Allen 7 (Ben Street, Brian Strait) at 1:20 (PP)
12. Phantoms , Bryan Allen 8 (Ben Street, Brian Strait) at 2:52 (PP)
13. Phantoms , Bryan Allen 9 (Brian Strait) at 10:05
14. Phantoms , Chris Neil 10 (Bryan Allen) at 13:34
15. Phantoms , Chris Neil 11 (Byron Froese) at 19:40 (PP)

Penalties :
Drew Bagnall (WBS) for Hooking (Minor) at 0:45, Drew Bagnall (WBS) for Fighting (Major) at 1:39, Chris Neil (LEH) for Fighting (Major) at 1:39, FARM PLAYER15 (WBS) for Tripping (Minor) at 2:29, Mitch Moroz (LEH) for Hooking (Minor) at 3:32, Garrett Wilson (LEH) for Hooking (Minor) at 13:54, FARM PLAYER15 (WBS) for Hooking (Minor) at 18:53

Goalie Stats

Marek Mazanec (LEH), 37 saves from 38 shots - (0.974), W, 20-9-9, 60:00 minutes
FARM GOALIE14 (WBS), 9 saves from 19 shots - (0.474), L, 0-16-1, 36:51 minutes
FARM GOALIE20 (WBS), 3 saves from 7 shots - (0.429), 23:09 minutes

Players Stats for Phantoms

Player Name              G  A  P  +/- PIM S  H  SB GA TA FO     MP     PP MP  PK MP  
------------------------------------------------------------------------------------
Ben Street               1  3  4   1  0   2  1  1  2  0  8/18   23:45   3:05   6:08 
Brian Strait             1  6  7   5  0   3  0  5  1  3  0/0    27:46   2:49   3:23 
Bryan Allen              5  3  8   5  0   8  2  2  7  1  0/0    27:46   2:49   3:23 
Bryan Lerg               1  0  1   2  0   2  0  0  1  0  1/1    18:16   0:47   1:33 
Byron Froese             1  3  4   3  0   4  1  0  7  1  8/13   16:27   0:47   1:12 
Chris Langkow            0  1  1   3  5   0  3  1  3  0  5/15   14:16   0:00   2:45 
Chris Neil               3  1  4   3  12  4  5  1  6  1  0/5    16:15   1:04   3:09 
Cody Bass                1  0  1   3  0   1  0  0  0  1  0/0    13:40   0:00   0:00 
Deryk Engelland          0  1  1   2  5   0  3  0  1  4  1/4    23:42   2:52   3:35 
Garrett Wilson           0  1  1   1  4   1  0  0  0  0  2/2    16:32   2:47   0:54 
Greg Zanon               0  0  0   2  0   0  0  0  1  1  0/0    20:07   1:03   4:23 
Keegan Lowe              0  0  0   1  2   0  0  3  2  1  0/0    13:12   0:18   0:48 
Martin Gernat            0  0  0   1  0   0  1  1  0  2  0/0    12:07   0:00   0:00 
Mitch Moroz              0  0  0   0  2   0  0  0  0  0  1/2     7:55   0:27   0:00 
Nathan Longpre           0  1  1   1  0   0  2  0  1  0  4/7     6:53   0:00   0:00 
Stephen Johns            0  0  0   1  5   0  1  1  0  0  0/0    13:40   0:32   0:00 
Steve MacIntyre          0  0  0   1  0   0  1  0  0  0  0/0     6:53   0:00   0:00 
Tom Sestito              1  0  1   3  5   1  2  0  0  0  0/0    11:46   0:00   0:00 

Players Stats for Penguins

Player Name              G  A  P  +/- PIM S  H  SB GA TA FO     MP     PP MP  PK MP  
------------------------------------------------------------------------------------
Adam Clendening          1  0  1  -4  0   9  0  0  1  0  0/0    20:03   2:48   0:57 
Carson McMillan          0  0  0  -2  0   1  0  1  0  2  0/1    10:05   0:00   0:00 
Charles Sarault          0  0  0  -2  0   0  1  1  2  0  4/9    11:27   0:36   0:00 
Danny Biega              0  0  0  -4  0   9  0  3  0  0  0/0    18:21   2:48   0:57 
Drew Bagnall             0  0  0  -1  12  1  1  1  0  1  0/0    13:15   1:00   0:00 
Dustin Gazley            0  0  0  -2  0   2  2  0  1  0  1/1    17:20   3:52   0:00 
FARM PLAYER15            0  0  0   0  4   0  0  0  0  0  0/0    15:52   0:00   0:57 
FARMPLAYER2              0  0  0  -2  0   4  0  0  8  0  4/5    22:44   3:54   3:27 
Garrett Meurs            0  0  0  -2  0   0  2  0  0  1  0/0    10:02   0:00   0:00 
Jason Gregoire           0  0  0  -2  0   2  0  1  1  0  0/0    10:02   0:00   0:00 
Jeff Schultz             0  0  0  -3  9   1  1  4  1  5  0/0    24:02   3:57   2:13 
Justin Vaive             0  0  0  -2  5   0  3  0  2  2  1/2    13:14   0:41   0:00 
Patrice Cormier          0  1  1  -2  7   2  1  0  1  2  6/16   15:47   3:11   0:25 
Philippe Cornet          0  0  0  -2  0   2  2  1  1  1  1/1    17:45   3:52   0:25 
Ryan Olsen               0  0  0  -2  0   0  0  0  0  0  2/4    10:02   0:00   0:00 
Ryan Spooner             0  0  0  -2  0   3  0  1  6  0  17/26  22:08   3:54   3:27 
Trevor Parkes            0  0  0   0  5   0  0  0  1  1  1/2    14:45   3:18   0:00 
Xavier Ouellet           0  0  0  -4  2   2  1  0  0  3  0/0    27:47   4:58   2:40 

3 Stars

1 - Bryan Allen (LEH)
2 - Brian Strait (LEH)
3 - Byron Froese (LEH)

Power Play

Phantoms - 6 on 7 Attempt(s) - 85.71%
Penguins - 1 on 5 Attempt(s) - 20.00%

Penalty Kill

Phantoms - 4 on 5 Attempt(s) - 80.00% - Score 0 goal in Penalty Kill
Penguins - 1 on 7 Attempt(s) - 14.29% - Score 0 goal in Penalty Kill

Team Stat

Phantoms - Hits : 22 - Faceoff Wins : 30 - Blocked Shots : 15 - Penalty Minutes : 40
Penguins - Hits : 14 - Faceoff Wins : 37 - Blocked Shots : 13 - Penalty Minutes : 44

Official

Referees : Unknown
Linesman : Unknown

Game Notes

FARM GOALIE20 enters game at 13:11 of 1st period
Patrice Cormier beats up Chris Neil at 0:45 of 2nd period
Drew Bagnall and Stephen Johns fight to a draw at 4:39 of 2nd period
Justin Vaive beats up Tom Sestito at 8:14 of 2nd period
Jeff Schultz beats up Chris Langkow at 8:29 of 2nd period
Deryk Engelland beats up Trevor Parkes at 9:06 of 2nd period
FARM GOALIE14 enters game at 16:20 of 2nd period
Bryan Allen has scored a Hat Trick!
Drew Bagnall beats up Chris Neil at 1:39 of 3rd period
Chris Neil has scored a Hat Trick!

Finance

Level 1 -- Attendance: 1571 (78.55%) -- Ticket Income $54,985
Level 2 -- Attendance: 715 (71.50%) -- Ticket Income $10,725
Total Attendance: 2286 (76.20%)
Total Ticket Income: $65,710
Other Income: $32,198
Total Income: $97,908

Phantoms

5 vs 5 Forward 
   Center                   Left Wing                Right Wing               Time % Phy DF OF 
 1 Ben Street               Garrett Wilson           Deryk Engelland          35     1   2  2  
 2 Byron Froese             Bryan Lerg               Chris Neil               30     1   2  2  
 3 Chris Langkow            Tom Sestito              Cody Bass                22     1   2  2  
 4 Nathan Longpre           Steve MacIntyre          Deryk Engelland          13     1   2  2  

5 vs 5 Defense 
   Defense                  Defense                                           Time % Phy DF OF 
 1 Bryan Allen              Brian Strait                                      35     1   2  2  
 2 Greg Zanon               Stephen Johns                                     30     1   2  2  
 3 Martin Gernat            Keegan Lowe                                       22     1   2  2  
 4 Bryan Allen              Brian Strait                                      13     1   2  2  

PowerPlay Forward 
   Center                   Left Wing                Right Wing               Time % Phy DF OF 
 1 Ben Street               Garrett Wilson           Deryk Engelland          60     1   2  2  
 2 Byron Froese             Bryan Lerg               Chris Neil               40     1   2  2  

PowerPlay Defense
   Defense                  Defense                                           Time % Phy DF OF 
 1 Bryan Allen              Brian Strait                                      60     1   2  2  
 2 Greg Zanon               Stephen Johns                                     40     1   2  2  

Penalty Kill 4 Players Forward 
   Center                   Wing                     Time % Phy DF OF 
 1 Chris Neil               Ben Street               60     1   2  2  
 2 Garrett Wilson           Byron Froese             40     1   2  2  

Penalty Kill 4 Players Defense
   Defense                  Defense                  Time % Phy DF OF 
 1 Bryan Allen              Brian Strait             60     1   2  2  
 2 Deryk Engelland          Greg Zanon               40     1   2  2  

Penalty Kill - 3 Players Forward 
   Forward                                           Time % Phy DF OF 
 1 Chris Neil                                        60     1   2  2  
 2 Ben Street                                        40     1   2  2  

Penalty Kill - 3 Players Defense
   Defense                  Defense                  Time % Phy DF OF 
 1 Bryan Allen              Brian Strait             60     1   2  2  
 2 Deryk Engelland          Greg Zanon               40     1   2  2  

4 vs 4 Forward 
   Center                   Wing                     Time % Phy DF OF 
 1 Chris Neil               Ben Street               60     1   2  2  
 2 Garrett Wilson           Byron Froese             40     1   2  2  

4 vs 4 Defense
   Defense                  Defense                  Time % Phy DF OF 
 1 Bryan Allen              Brian Strait             60     1   2  2  
 2 Deryk Engelland          Greg Zanon               40     1   2  2  

Last Minutes Offensive
   Center                   Left Wing                Right Wing               Defense                  Defense                  
   Ben Street               Garrett Wilson           Deryk Engelland          Bryan Allen              Brian Strait             

Last Minutes Defensive
   Center                   Left Wing                Right Wing               Defense                  Defense                  
   Ben Street               Garrett Wilson           Deryk Engelland          Bryan Allen              Brian Strait             

Goaltenders
Starting : Marek Mazanec            
Backup : Laurent Brossoit         

Extra Forwards
Normal : Mitch Moroz, Tom Sestito, Chris Langkow - PP : Mitch Moroz, Tom Sestito - PK : Chris Langkow
Extra Defensemen
Normal : Martin Gernat, Keegan Lowe, Stephen Johns - PP : Martin Gernat - PK : Keegan Lowe, Stephen Johns
Penalty Shots
Deryk Engelland, Chris Neil, Ben Street, Garrett Wilson, Byron Froese

Penguins

5 vs 5 Forward 
   Center                   Left Wing                Right Wing               Time % Phy DF OF 
 1 Ryan Spooner             FARMPLAYER2              Trevor Parkes            35     1   2  2  
 2 Patrice Cormier          Philippe Cornet          Dustin Gazley            30     1   2  2  
 3 Charles Sarault          Justin Vaive             Carson McMillan          22     1   2  2  
 4 Ryan Olsen               Jason Gregoire           Garrett Meurs            13     1   2  2  

5 vs 5 Defense 
   Defense                  Defense                                           Time % Phy DF OF 
 1 Jeff Schultz             Xavier Ouellet                                    35     1   2  2  
 2 Adam Clendening          Danny Biega                                       30     1   2  2  
 3 Drew Bagnall             FARM PLAYER15                                     22     1   2  2  
 4 Jeff Schultz             Xavier Ouellet                                    13     1   2  2  

PowerPlay Forward 
   Center                   Left Wing                Right Wing               Time % Phy DF OF 
 1 Ryan Spooner             FARMPLAYER2              Trevor Parkes            60     1   2  2  
 2 Patrice Cormier          Philippe Cornet          Dustin Gazley            40     1   2  2  

PowerPlay Defense
   Defense                  Defense                                           Time % Phy DF OF 
 1 Jeff Schultz             Xavier Ouellet                                    60     1   2  2  
 2 Adam Clendening          Danny Biega                                       40     1   2  2  

Penalty Kill 4 Players Forward 
   Center                   Wing                     Time % Phy DF OF 
 1 Ryan Spooner             FARMPLAYER2              60     1   2  2  
 2 Patrice Cormier          Philippe Cornet          40     1   2  2  

Penalty Kill 4 Players Defense
   Defense                  Defense                  Time % Phy DF OF 
 1 Jeff Schultz             Xavier Ouellet           60     1   2  2  
 2 Adam Clendening          Danny Biega              40     1   2  2  

Penalty Kill - 3 Players Forward 
   Forward                                           Time % Phy DF OF 
 1 Ryan Spooner                                      60     1   2  2  
 2 FARMPLAYER2                                       40     1   2  2  

Penalty Kill - 3 Players Defense
   Defense                  Defense                  Time % Phy DF OF 
 1 Jeff Schultz             Xavier Ouellet           60     1   2  2  
 2 Adam Clendening          Danny Biega              40     1   2  2  

4 vs 4 Forward 
   Center                   Wing                     Time % Phy DF OF 
 1 Ryan Spooner             FARMPLAYER2              60     1   2  2  
 2 Patrice Cormier          Philippe Cornet          40     1   2  2  

4 vs 4 Defense
   Defense                  Defense                  Time % Phy DF OF 
 1 Jeff Schultz             Xavier Ouellet           60     1   2  2  
 2 Adam Clendening          Danny Biega              40     1   2  2  

Last Minutes Offensive
   Center                   Left Wing                Right Wing               Defense                  Defense                  
   Ryan Spooner             FARMPLAYER2              Trevor Parkes            Jeff Schultz             Xavier Ouellet           

Last Minutes Defensive
   Center                   Left Wing                Right Wing               Defense                  Defense                  
   Ryan Spooner             FARMPLAYER2              Trevor Parkes            Jeff Schultz             Xavier Ouellet           

Goaltenders
Starting : FARM GOALIE14            
Backup : FARM GOALIE20            

Extra Forwards
Normal : Justin Vaive, Charles Sarault, Carson McMillan - PP : Justin Vaive, Charles Sarault - PK : Carson McMillan
Extra Defensemen
Normal : Drew Bagnall, FARM PLAYER15, Adam Clendening - PP : Drew Bagnall - PK : FARM PLAYER15, Adam Clendening
Penalty Shots
Ryan Spooner, FARMPLAYER2, Patrice Cormier, Philippe Cornet, Justin Vaive

% Time on Ice - Phantoms

Lines # - Real PCT - Wanted PCT - Time Play
Normal Forward
1 - 26% - 35% - 12:18
2 - 30% - 30% - 14:17
3 - 29% - 22% - 13:40
4 - 15% - 13% - 6:53
Normal Defense
1 - 35% - 35% - 16:23
2 - 31% - 30% - 14:26
3 - 26% - 22% - 12:07
4 - 9% - 13% - 4:12
PP Forward
1 - 80% - 60% - 3:05
2 - 20% - 40% - 0:47
PP Defense
1 - 73% - 60% - 2:49
2 - 27% - 40% - 1:03
PK Forward
1 - 90% - 60% - 6:58
2 - 10% - 40% - 0:48
PK Defense
1 - 44% - 60% - 3:23
2 - 56% - 40% - 4:23
PK3 Forward
1 - 0% - 60%
2 - 0% - 40%
PK3 Defense
1 - 0% - 60%
2 - 0% - 40%
44 Forward
1 - 85% - 60% - 1:03
2 - 15% - 40% - 0:11
44 Defense
1 - 80% - 60% - 0:59
2 - 20% - 40% - 0:15
Last Minute Offensive  - 0:00
Last Minute Defensive  - 0:00
Total
Forward - 60:00
Defense - 60:00

% Time on Ice - Penguins

Lines # - Real PCT - Wanted PCT - Time Play
Normal Forward
1 - 29% - 35% - 13:33
2 - 29% - 30% - 13:28
3 - 21% - 22% - 10:05
4 - 21% - 13% - 10:02
Normal Defense
1 - 32% - 35% - 15:10
2 - 30% - 30% - 14:18
3 - 29% - 22% - 13:36
4 - 9% - 13% - 4:04
PP Forward
1 - 50% - 60% - 3:54
2 - 50% - 40% - 3:52
PP Defense
1 - 64% - 60% - 4:58
2 - 36% - 40% - 2:48
PK Forward
1 - 89% - 60% - 3:27
2 - 11% - 40% - 0:25
PK Defense
1 - 75% - 60% - 2:55
2 - 25% - 40% - 0:57
PK3 Forward
1 - 0% - 60%
2 - 0% - 40%
PK3 Defense
1 - 0% - 60%
2 - 0% - 40%
44 Forward
1 - 100% - 60% - 1:14
2 - 0% - 40% - 0:00
44 Defense
1 - 76% - 60% - 0:56
2 - 24% - 40% - 0:18
Last Minute Offensive  - 0:00
Last Minute Defensive  - 0:00
Total
Forward - 60:00
Defense - 60:00

Play by Play

1st period


0:01 of 1st period - Ryan Spooner wins face-off versus Ben Street in neutral zone.
0:06 of 1st period - Snap shot by FARMPLAYER2.
0:06 of 1st period - Stopped by Marek Mazanec with a rebound.
0:17 of 1st period - Minor Penalty to Jeff Schultz for Holding Stick.
0:18 of 1st period - Ryan Spooner wins face-off versus Ben Street in Penguins zone.
0:45 of 1st period - Off-side.
0:46 of 1st period - Byron Froese wins face-off versus Patrice Cormier in neutral zone.
0:49 of 1st period - Adam Clendening is hit by Chris Neil.
1:09 of 1st period - Slapshot by Chris Neil.
1:09 of 1st period - Shot Misses the Net.
1:11 of 1st period - Snap shot by Chris Neil.
1:11 of 1st period - Goal by Chris Neil - Phantoms : 1 - Penguins : 0.
1:12 of 1st period - Chris Langkow wins face-off versus Patrice Cormier in neutral zone.
1:15 of 1st period - Danny Biega is hit by Tom Sestito.
1:43 of 1st period - Wrist shot by Dustin Gazley.
1:43 of 1st period - Stopped by Marek Mazanec with a rebound.
1:45 of 1st period - Wrist shot by Philippe Cornet.
1:45 of 1st period - Shot Blocked by Stephen Johns.
2:32 of 1st period - Wrist shot by Bryan Allen.
2:32 of 1st period - Shot Blocked by Carson McMillan.
3:28 of 1st period - Snap shot by FARMPLAYER2.
3:28 of 1st period - Shot Misses the Net.
3:30 of 1st period - Backhand shot by Jeff Schultz.
3:30 of 1st period - Shot Blocked by Bryan Allen.
3:32 of 1st period - Slapshot by Jeff Schultz.
3:32 of 1st period - Stopped by Marek Mazanec with a rebound.
3:34 of 1st period - Slapshot by Trevor Parkes.
3:34 of 1st period - Shot Misses the Net.
4:04 of 1st period - Deryk Engelland is hit by Garrett Meurs and loses puck.
4:17 of 1st period - Slapshot by Adam Clendening.
4:17 of 1st period - Shot Blocked by Brian Strait.
4:59 of 1st period - Wrist shot by Dustin Gazley.
4:59 of 1st period - Shot Blocked by Martin Gernat.
5:21 of 1st period - Wrist shot by Chris Langkow.
5:21 of 1st period - Shot Blocked by Jeff Schultz.
6:13 of 1st period - Ryan Olsen is hit by Nathan Longpre and loses puck.
6:28 of 1st period - Slapshot by Danny Biega.
6:28 of 1st period - Deflect By Dustin Gazley.
6:28 of 1st period - Shot Hit the Post.
6:28 of 1st period - Puck is out of play.
6:29 of 1st period - Philippe Cornet wins face-off versus Byron Froese in Phantoms zone.
7:14 of 1st period - Mitch Moroz is hit by Justin Vaive and loses puck.
7:44 of 1st period - Keegan Lowe is hit by Xavier Ouellet and loses puck.
7:54 of 1st period - Minor Penalty to Keegan Lowe for Tripping.
7:55 of 1st period - Dustin Gazley wins face-off versus Chris Neil in Phantoms zone.
8:39 of 1st period - Minor Penalty to Jeff Schultz for Hooking.
8:40 of 1st period - Ben Street wins face-off versus Ryan Spooner in Penguins zone.
8:47 of 1st period - Wrist shot by Chris Neil.
8:47 of 1st period - Shot Misses the Net.
8:49 of 1st period - Slapshot by Brian Strait.
8:49 of 1st period - Shot Misses the Net.
8:51 of 1st period - Slapshot by Bryan Allen.
8:51 of 1st period - Shot Blocked by Danny Biega.
8:53 of 1st period - Slapshot by Ben Street.
8:53 of 1st period - Goal by Ben Street - Phantoms : 2 - Penguins : 0.
8:54 of 1st period - Ryan Spooner wins face-off versus Chris Neil in neutral zone.
9:25 of 1st period - Snap shot by FARMPLAYER2.
9:25 of 1st period - Shot Misses the Net.
9:49 of 1st period - Wrist shot by Byron Froese.
9:49 of 1st period - Goal by Byron Froese - Phantoms : 3 - Penguins : 0.
9:50 of 1st period - Ryan Spooner wins face-off versus Chris Neil in neutral zone.
9:54 of 1st period - Penalty to Keegan Lowe is over, Keegan Lowe is back on ice.
10:03 of 1st period - Snap shot by Ryan Spooner.
10:03 of 1st period - Shot Blocked by Keegan Lowe.
10:24 of 1st period - Wrist shot by Ben Street.
10:24 of 1st period - Deflect By Ryan Spooner.
10:24 of 1st period - Shot Hit the Post.
10:24 of 1st period - Puck is out of play.
10:25 of 1st period - Ryan Spooner wins face-off versus Ben Street in Penguins zone.
10:39 of 1st period - Penalty to Jeff Schultz is over, Jeff Schultz is back on ice.
10:43 of 1st period - Off-side.
10:44 of 1st period - Patrice Cormier wins face-off versus Mitch Moroz in neutral zone.
11:30 of 1st period - Jeff Schultz is hit by Bryan Allen and loses puck.
11:55 of 1st period - Slapshot by Adam Clendening.
11:55 of 1st period - Stopped by Marek Mazanec with a rebound.
11:57 of 1st period - Slapshot by Danny Biega.
11:57 of 1st period - Shot Misses the Net.
11:59 of 1st period - Backhand shot by Danny Biega.
11:59 of 1st period - Shot Hit the Post.
12:01 of 1st period - Slapshot by Danny Biega.
12:01 of 1st period - Stopped by Marek Mazanec without a rebound.
12:02 of 1st period - Nathan Longpre wins face-off versus Ryan Olsen in Phantoms zone.
12:56 of 1st period - Carson McMillan is hit by Chris Neil and loses puck.
13:11 of 1st period - Snap shot by Bryan Lerg.
13:11 of 1st period - Goal by Bryan Lerg - Phantoms : 4 - Penguins : 0.
13:11 of 1st period - FARM GOALIE20 enters game.
13:12 of 1st period - Ben Street wins face-off versus Ryan Spooner in neutral zone.
13:21 of 1st period - Wrist shot by FARMPLAYER2.
13:21 of 1st period - Shot Misses the Net.
13:23 of 1st period - Snap shot by FARMPLAYER2.
13:23 of 1st period - Stopped by Marek Mazanec without a rebound.
13:24 of 1st period - Ryan Spooner wins face-off versus Deryk Engelland in Phantoms zone.
14:16 of 1st period - Dustin Gazley is hit by Chris Langkow and loses puck.
14:27 of 1st period - Xavier Ouellet is hit by Tom Sestito and loses puck.
14:35 of 1st period - Icing by Jeff Schultz.
14:36 of 1st period - Byron Froese wins face-off versus Patrice Cormier in Penguins zone.
14:39 of 1st period - Wrist shot by Chris Neil.
14:39 of 1st period - Shot Blocked by Jeff Schultz.
15:40 of 1st period - Jason Gregoire is hit by Steve MacIntyre and loses puck.
16:12 of 1st period - Slapshot by Bryan Allen.
16:12 of 1st period - Deflect By Danny Biega.
16:12 of 1st period - Stopped by FARM GOALIE20 with a rebound.
16:14 of 1st period - Snap shot by Tom Sestito.
16:14 of 1st period - Goal by Tom Sestito - Phantoms : 5 - Penguins : 0.
16:15 of 1st period - Ryan Spooner wins face-off versus Byron Froese in neutral zone.
16:24 of 1st period - Snap shot by FARMPLAYER2.
16:24 of 1st period - Shot Hit the Post.
16:26 of 1st period - Snap shot by Ryan Spooner.
16:26 of 1st period - Deflect By FARMPLAYER2.
16:26 of 1st period - Stopped by Marek Mazanec with a rebound.
16:28 of 1st period - Snap shot by FARMPLAYER2.
16:28 of 1st period - Shot Misses the Net.
16:30 of 1st period - Slapshot by Drew Bagnall.
16:30 of 1st period - Shot Misses the Net.
16:32 of 1st period - Wrist shot by FARMPLAYER2.
16:32 of 1st period - Shot Misses the Net.
17:06 of 1st period - Dustin Gazley is hit by Bryan Allen and loses puck.
17:18 of 1st period - Icing by Brian Strait.
17:19 of 1st period - Deryk Engelland wins face-off versus Patrice Cormier in Phantoms zone.
17:24 of 1st period - Jeff Schultz is hit by Deryk Engelland and loses puck.
18:47 of 1st period - Slapshot by Byron Froese.
18:47 of 1st period - Deflect By Chris Neil.
18:47 of 1st period - Shot Blocked by Jeff Schultz.
18:47 of 1st period - Puck is out of play.
18:48 of 1st period - Garrett Wilson wins face-off versus Ryan Spooner in Penguins zone.
18:59 of 1st period - Snap shot by Ryan Spooner.
18:59 of 1st period - Stopped by Marek Mazanec with a rebound.
19:13 of 1st period - Wrist shot by Garrett Wilson.
19:13 of 1st period - Deflect By Deryk Engelland.
19:13 of 1st period - Shot Blocked by Danny Biega.
19:13 of 1st period - Puck is out of play.
19:14 of 1st period - Patrice Cormier wins face-off versus Chris Langkow in Penguins zone.
19:25 of 1st period - Drew Bagnall is hit by Chris Langkow and loses puck.
19:30 of 1st period - Slapshot by Brian Strait.
19:30 of 1st period - Shot Blocked by Drew Bagnall.
Goals for this period are 5 for Phantoms vs 0 for Penguins.
Shots for this period are 6 for Phantoms vs 8 for Penguins.

2nd period


0:01 of 2nd period - Ryan Spooner wins face-off versus Ben Street in neutral zone.
0:34 of 2nd period - Wrist shot by FARMPLAYER2.
0:34 of 2nd period - Stopped by Marek Mazanec without a rebound.
0:35 of 2nd period - Byron Froese wins face-off versus Patrice Cormier in Phantoms zone.
0:42 of 2nd period - Wrist shot by Byron Froese.
0:42 of 2nd period - Stopped by FARM GOALIE20 with a rebound.
0:44 of 2nd period - Wrist shot by Bryan Lerg.
0:44 of 2nd period - Shot Blocked by Philippe Cornet.
0:45 of 2nd period - Patrice Cormier beats up Chris Neil.
0:45 of 2nd period - Penalty to Patrice Cormier for Fighting.
0:45 of 2nd period - Penalty to Chris Neil for Fighting.
0:46 of 2nd period - Trevor Parkes wins face-off versus Ben Street in Penguins zone.
1:09 of 2nd period - Snap shot by Ryan Spooner.
1:09 of 2nd period - Stopped by Marek Mazanec with a rebound.
1:39 of 2nd period - Slapshot by Adam Clendening.
1:39 of 2nd period - Stopped by Marek Mazanec with a rebound.
1:45 of 2nd period - Slapshot by Adam Clendening.
1:45 of 2nd period - Shot Misses the Net.
1:47 of 2nd period - Slapshot by Adam Clendening.
1:47 of 2nd period - Shot Blocked by Brian Strait.
1:49 of 2nd period - Snap shot by Justin Vaive.
1:49 of 2nd period - Shot Misses the Net.
3:12 of 2nd period - Wrist shot by Cody Bass.
3:12 of 2nd period - Deflect By Adam Clendening.
3:12 of 2nd period - Goal by Cody Bass - Phantoms : 6 - Penguins : 0.
3:13 of 2nd period - Byron Froese wins face-off versus Ryan Spooner in neutral zone.
3:43 of 2nd period - Minor Penalty to Xavier Ouellet for Holding Stick.
3:44 of 2nd period - Ryan Spooner wins face-off versus Ben Street in Penguins zone.
3:58 of 2nd period - Slapshot by Bryan Allen.
3:58 of 2nd period - Goal by Bryan Allen - Phantoms : 7 - Penguins : 0.
3:59 of 2nd period - Garrett Wilson wins face-off versus Justin Vaive in neutral zone.
4:31 of 2nd period - Snap shot by Dustin Gazley.
4:31 of 2nd period - Stopped by Marek Mazanec without a rebound.
4:32 of 2nd period - Byron Froese wins face-off versus Ryan Spooner in Phantoms zone.
4:32 of 2nd period - Byron Froese is hit by Drew Bagnall.
4:38 of 2nd period - Slapshot by Bryan Lerg.
4:38 of 2nd period - Shot Misses the Net.
4:39 of 2nd period - Drew Bagnall and Stephen Johns fight to a draw.
4:39 of 2nd period - Penalty to Drew Bagnall for Fighting.
4:39 of 2nd period - Penalty to Stephen Johns for Fighting.
4:40 of 2nd period - Ryan Spooner wins face-off versus Ben Street in Penguins zone.
4:51 of 2nd period - Slapshot by Ben Street.
4:51 of 2nd period - Shot Blocked by Ryan Spooner.
5:04 of 2nd period - Minor Penalty to Garrett Wilson for Hooking.
5:05 of 2nd period - Justin Vaive wins face-off versus Chris Langkow in Phantoms zone.
5:45 of 2nd period - Penalty to Chris Neil is over, Chris Neil is back on ice.
6:00 of 2nd period - Chris Neil is hit by Jeff Schultz.
6:20 of 2nd period - Wrist shot by FARMPLAYER2.
6:20 of 2nd period - Shot Misses the Net.
6:32 of 2nd period - Danny Biega is hit by Chris Neil and loses puck.
6:39 of 2nd period - Slapshot by Adam Clendening.
6:39 of 2nd period - Shot Misses the Net.
6:41 of 2nd period - Slapshot by Adam Clendening.
6:41 of 2nd period - Shot Blocked by Ben Street.
6:45 of 2nd period - Slapshot by Adam Clendening.
6:45 of 2nd period - Stopped by Marek Mazanec with a rebound.
7:04 of 2nd period - Penalty to Garrett Wilson is over, Garrett Wilson is back on ice.
7:27 of 2nd period - Snap shot by Jason Gregoire.
7:27 of 2nd period - Shot Misses the Net.
7:33 of 2nd period - Slapshot by Adam Clendening.
7:33 of 2nd period - Deflect By Chris Neil.
7:33 of 2nd period - Stopped by Marek Mazanec with a rebound.
7:35 of 2nd period - Snap shot by Jason Gregoire.
7:35 of 2nd period - Stopped by Marek Mazanec with a rebound.
7:37 of 2nd period - Slapshot by Jason Gregoire.
7:37 of 2nd period - Stopped by Marek Mazanec with a rebound.
8:08 of 2nd period - Chris Langkow is hit by Charles Sarault and loses puck.
8:14 of 2nd period - Justin Vaive beats up Tom Sestito.
8:14 of 2nd period - Penalty to Justin Vaive for Fighting.
8:14 of 2nd period - Penalty to Tom Sestito for Fighting.
8:15 of 2nd period - Chris Langkow wins face-off versus Patrice Cormier in Phantoms zone.
8:15 of 2nd period - Chris Langkow is hit by Dustin Gazley.
8:21 of 2nd period - Patrice Cormier is hit by Chris Langkow and loses puck.
8:29 of 2nd period - Jeff Schultz beats up Chris Langkow.
8:29 of 2nd period - Penalty to Jeff Schultz for Fighting.
8:29 of 2nd period - Penalty to Chris Langkow for Fighting.
8:30 of 2nd period - Mitch Moroz wins face-off versus Patrice Cormier in Penguins zone.
8:49 of 2nd period - Wrist shot by Dustin Gazley.
8:49 of 2nd period - Shot Blocked by Bryan Allen.
8:51 of 2nd period - Slapshot by Xavier Ouellet.
8:51 of 2nd period - Stopped by Marek Mazanec without a rebound.
8:52 of 2nd period - FARMPLAYER2 wins face-off versus Nathan Longpre in Phantoms zone.
8:57 of 2nd period - Snap shot by FARMPLAYER2.
8:57 of 2nd period - Shot Misses the Net.
9:06 of 2nd period - Deryk Engelland beats up Trevor Parkes.
9:06 of 2nd period - Penalty to Trevor Parkes for Fighting.
9:06 of 2nd period - Penalty to Deryk Engelland for Fighting.
9:07 of 2nd period - Charles Sarault wins face-off versus Nathan Longpre in Penguins zone.
9:07 of 2nd period - Charles Sarault is hit by Nathan Longpre.
9:59 of 2nd period - Bryan Lerg is hit by Dustin Gazley and loses puck.
10:12 of 2nd period - Snap shot by Danny Biega.
10:12 of 2nd period - Stopped by Marek Mazanec with a rebound.
10:53 of 2nd period - Minor Penalty to Chris Neil for Hooking.
10:54 of 2nd period - Bryan Lerg wins face-off versus Ryan Spooner in Phantoms zone.
11:04 of 2nd period - Slapshot by Ryan Spooner.
11:04 of 2nd period - Shot Misses the Net.
11:06 of 2nd period - Slapshot by Xavier Ouellet.
11:06 of 2nd period - Stopped by Marek Mazanec with a rebound.
11:52 of 2nd period - Byron Froese is hit by Philippe Cornet and loses puck.
11:57 of 2nd period - Slapshot by Adam Clendening.
11:57 of 2nd period - Goal by Adam Clendening - Phantoms : 7 - Penguins : 1.
11:58 of 2nd period - Nathan Longpre wins face-off versus Ryan Olsen in neutral zone.
14:34 of 2nd period - Off-side.
14:35 of 2nd period - Ryan Olsen wins face-off versus Nathan Longpre in neutral zone.
15:39 of 2nd period - Snap shot by Ben Street.
15:39 of 2nd period - Stopped by FARM GOALIE20 with a rebound.
16:07 of 2nd period - Minor Penalty to Patrice Cormier for Roughing.
16:08 of 2nd period - Ryan Spooner wins face-off versus Deryk Engelland in Penguins zone.
16:08 of 2nd period - Ryan Spooner is hit by Deryk Engelland.
16:18 of 2nd period - Slapshot by Bryan Allen.
16:18 of 2nd period - Deflect By Garrett Wilson.
16:18 of 2nd period - Shot Misses the Net.
16:18 of 2nd period - Puck is out of play.
16:19 of 2nd period - Ben Street wins face-off versus FARMPLAYER2 in Penguins zone.
16:20 of 2nd period - Snap shot by Brian Strait.
16:20 of 2nd period - Goal by Brian Strait - Phantoms : 8 - Penguins : 1.
16:20 of 2nd period - FARM GOALIE14 enters game.
16:21 of 2nd period - Nathan Longpre wins face-off versus Charles Sarault in neutral zone.
16:24 of 2nd period - Wrist shot by Bryan Allen.
16:24 of 2nd period - Goal by Bryan Allen - Phantoms : 9 - Penguins : 1.
16:25 of 2nd period - Ryan Spooner wins face-off versus Byron Froese in neutral zone.
17:18 of 2nd period - Jeff Schultz is hit by Ben Street.
17:24 of 2nd period - Garrett Wilson is hit by Justin Vaive and loses puck.
18:06 of 2nd period - Off-side.
18:07 of 2nd period - Patrice Cormier wins face-off versus Chris Langkow in neutral zone.
18:27 of 2nd period - Slapshot by Adam Clendening.
18:27 of 2nd period - Shot Blocked by Keegan Lowe.
18:31 of 2nd period - Slapshot by Adam Clendening.
18:31 of 2nd period - Shot Misses the Net.
18:33 of 2nd period - Slapshot by Danny Biega.
18:33 of 2nd period - Shot Blocked by Chris Langkow.
18:45 of 2nd period - Slapshot by Danny Biega.
18:45 of 2nd period - Stopped by Marek Mazanec without a rebound.
18:46 of 2nd period - Ryan Olsen wins face-off versus Byron Froese in Phantoms zone.
19:23 of 2nd period - Snap shot by Byron Froese.
19:23 of 2nd period - Shot Misses the Net.
Goals for this period are 4 for Phantoms vs 1 for Penguins.
Shots for this period are 6 for Phantoms vs 13 for Penguins.

3rd period


0:01 of 3rd period - Ben Street wins face-off versus Trevor Parkes in neutral zone.
0:30 of 3rd period - Slapshot by Bryan Allen.
0:30 of 3rd period - Stopped by FARM GOALIE14 without a rebound.
0:31 of 3rd period - Byron Froese wins face-off versus Charles Sarault in Penguins zone.
0:45 of 3rd period - Minor Penalty to Drew Bagnall for Hooking.
0:46 of 3rd period - Ben Street wins face-off versus Ryan Spooner in Penguins zone.
1:02 of 3rd period - Wrist shot by Deryk Engelland.
1:02 of 3rd period - Shot Misses the Net.
1:20 of 3rd period - Slapshot by Bryan Allen.
1:20 of 3rd period - Goal by Bryan Allen - Phantoms : 10 - Penguins : 1.
1:21 of 3rd period - Byron Froese wins face-off versus Charles Sarault in neutral zone.
1:39 of 3rd period - Drew Bagnall beats up Chris Neil.
1:39 of 3rd period - Penalty to Drew Bagnall for Fighting.
1:39 of 3rd period - Penalty to Chris Neil for Fighting.
1:40 of 3rd period - FARMPLAYER2 wins face-off versus Ben Street in neutral zone.
2:02 of 3rd period - Backhand shot by Ben Street.
2:02 of 3rd period - Deflect By Garrett Wilson.
2:02 of 3rd period - Shot Misses the Net.
2:02 of 3rd period - Puck is out of play.
2:03 of 3rd period - Charles Sarault wins face-off versus Byron Froese in Penguins zone.
2:29 of 3rd period - Minor Penalty to FARM PLAYER15 for Tripping.
2:30 of 3rd period - Ryan Spooner wins face-off versus Ben Street in Penguins zone.
2:42 of 3rd period - Slapshot by Ryan Spooner.
2:42 of 3rd period - Shot Misses the Net.
2:52 of 3rd period - Slapshot by Bryan Allen.
2:52 of 3rd period - Deflect By Xavier Ouellet.
2:52 of 3rd period - Goal by Bryan Allen - Phantoms : 11 - Penguins : 1.
2:53 of 3rd period - Byron Froese wins face-off versus Charles Sarault in neutral zone.
3:32 of 3rd period - Minor Penalty to Mitch Moroz for Hooking.
3:33 of 3rd period - Chris Langkow wins face-off versus Ryan Spooner in Phantoms zone.
3:46 of 3rd period - Snap shot by Ryan Spooner.
3:46 of 3rd period - Stopped by Marek Mazanec with a rebound.
3:48 of 3rd period - Slapshot by Adam Clendening.
3:48 of 3rd period - Shot Misses the Net.
3:50 of 3rd period - Slapshot by Danny Biega.
3:50 of 3rd period - Stopped by Marek Mazanec without a rebound.
3:51 of 3rd period - Ryan Spooner wins face-off versus Chris Langkow in Phantoms zone.
4:01 of 3rd period - Snap shot by Adam Clendening.
4:01 of 3rd period - Shot Misses the Net.
4:03 of 3rd period - Snap shot by Trevor Parkes.
4:03 of 3rd period - Shot Misses the Net.
4:05 of 3rd period - Slapshot by Danny Biega.
4:05 of 3rd period - Deflect By Ben Street.
4:05 of 3rd period - Stopped by Marek Mazanec without a rebound.
4:06 of 3rd period - Chris Langkow wins face-off versus Patrice Cormier in Phantoms zone.
4:15 of 3rd period - Slapshot by Patrice Cormier.
4:15 of 3rd period - Stopped by Marek Mazanec with a rebound.
4:43 of 3rd period - Wrist shot by Dustin Gazley.
4:43 of 3rd period - Shot Misses the Net.
5:32 of 3rd period - Penalty to Mitch Moroz is over, Mitch Moroz is back on ice.
5:39 of 3rd period - Wrist shot by Adam Clendening.
5:39 of 3rd period - Deflect By Philippe Cornet.
5:39 of 3rd period - Shot Misses the Net.
5:39 of 3rd period - Puck is out of play.
5:40 of 3rd period - Patrice Cormier wins face-off versus Chris Langkow in Phantoms zone.
5:41 of 3rd period - Slapshot by Adam Clendening.
5:41 of 3rd period - Deflect By Philippe Cornet.
5:41 of 3rd period - Shot Blocked by Brian Strait.
5:41 of 3rd period - Puck is out of play.
5:42 of 3rd period - Patrice Cormier wins face-off versus Chris Langkow in Phantoms zone.
5:43 of 3rd period - Slapshot by Adam Clendening.
5:43 of 3rd period - Shot Blocked by Brian Strait.
5:45 of 3rd period - Snap shot by Philippe Cornet.
5:45 of 3rd period - Stopped by Marek Mazanec without a rebound.
5:46 of 3rd period - Charles Sarault wins face-off versus Chris Langkow in Phantoms zone.
6:54 of 3rd period - Ryan Spooner is hit by Byron Froese and loses puck.
6:59 of 3rd period - Snap shot by Bryan Lerg.
6:59 of 3rd period - Stopped by FARM GOALIE14 with a rebound.
7:01 of 3rd period - Snap shot by Bryan Lerg.
7:01 of 3rd period - Shot Hit the Post.
7:27 of 3rd period - Backhand shot by Deryk Engelland.
7:27 of 3rd period - Shot Misses the Net.
7:35 of 3rd period - Snap shot by Nathan Longpre.
7:35 of 3rd period - Shot Misses the Net.
7:41 of 3rd period - Nathan Longpre is hit by Philippe Cornet and loses puck.
8:22 of 3rd period - Snap shot by Garrett Meurs.
8:22 of 3rd period - Shot Misses the Net.
8:38 of 3rd period - Adam Clendening is hit by Martin Gernat and loses puck.
9:01 of 3rd period - Snap shot by Chris Langkow.
9:01 of 3rd period - Shot Blocked by Danny Biega.
9:16 of 3rd period - Snap shot by Byron Froese.
9:16 of 3rd period - Stopped by FARM GOALIE14 with a rebound.
9:18 of 3rd period - Slapshot by Chris Neil.
9:18 of 3rd period - Deflect By Byron Froese.
9:18 of 3rd period - Shot Blocked by Charles Sarault.
9:18 of 3rd period - Puck is out of play.
9:19 of 3rd period - Ryan Spooner wins face-off versus Chris Neil in Penguins zone.
10:05 of 3rd period - Snap shot by Bryan Allen.
10:05 of 3rd period - Goal by Bryan Allen - Phantoms : 12 - Penguins : 1.
10:06 of 3rd period - Ben Street wins face-off versus Patrice Cormier in neutral zone.
10:23 of 3rd period - Slapshot by Garrett Wilson.
10:23 of 3rd period - Stopped by FARM GOALIE14 with a rebound.
10:25 of 3rd period - Slapshot by Greg Zanon.
10:25 of 3rd period - Shot Misses the Net.
10:47 of 3rd period - Slapshot by Byron Froese.
10:47 of 3rd period - Shot Misses the Net.
10:55 of 3rd period - Philippe Cornet is hit by Chris Neil.
11:20 of 3rd period - Snap shot by Ryan Spooner.
11:20 of 3rd period - Deflect By FARMPLAYER2.
11:20 of 3rd period - Shot Blocked by Chris Neil.
11:20 of 3rd period - Puck is out of play.
11:21 of 3rd period - Charles Sarault wins face-off versus Chris Langkow in Phantoms zone.
11:43 of 3rd period - Slapshot by Bryan Allen.
11:43 of 3rd period - Stopped by FARM GOALIE14 without a rebound.
11:44 of 3rd period - FARMPLAYER2 wins face-off versus Ben Street in Penguins zone.
11:52 of 3rd period - Off-side.
11:53 of 3rd period - Ben Street wins face-off versus Ryan Spooner in neutral zone.
12:32 of 3rd period - Snap shot by Cody Bass.
12:32 of 3rd period - Shot Misses the Net.
12:51 of 3rd period - Cody Bass is hit by Patrice Cormier and loses puck.
12:58 of 3rd period - Snap shot by Dustin Gazley.
12:58 of 3rd period - Shot Misses the Net.
13:32 of 3rd period - Snap shot by Chris Neil.
13:32 of 3rd period - Stopped by FARM GOALIE14 with a rebound.
13:34 of 3rd period - Snap shot by Chris Neil.
13:34 of 3rd period - Goal by Chris Neil - Phantoms : 13 - Penguins : 1.
13:35 of 3rd period - Ben Street wins face-off versus Charles Sarault in neutral zone.
13:42 of 3rd period - Justin Vaive is hit by Deryk Engelland and loses puck.
13:48 of 3rd period - Drew Bagnall is hit by Stephen Johns and loses puck.
13:54 of 3rd period - Minor Penalty to Garrett Wilson for Hooking.
13:55 of 3rd period - Ryan Spooner wins face-off versus Chris Neil in Phantoms zone.
14:59 of 3rd period - Slapshot by Adam Clendening.
14:59 of 3rd period - Stopped by Marek Mazanec with a rebound.
15:01 of 3rd period - Wrist shot by Danny Biega.
15:01 of 3rd period - Shot Misses the Net.
15:03 of 3rd period - Wrist shot by Dustin Gazley.
15:03 of 3rd period - Shot Misses the Net.
15:05 of 3rd period - Snap shot by Danny Biega.
15:05 of 3rd period - Stopped by Marek Mazanec with a rebound.
15:07 of 3rd period - Slapshot by Danny Biega.
15:07 of 3rd period - Shot Blocked by Brian Strait.
15:09 of 3rd period - Backhand shot by Danny Biega.
15:09 of 3rd period - Stopped by Marek Mazanec without a rebound.
15:10 of 3rd period - Ryan Spooner wins face-off versus Chris Langkow in Phantoms zone.
15:45 of 3rd period - Slapshot by Danny Biega.
15:45 of 3rd period - Stopped by Marek Mazanec with a rebound.
15:47 of 3rd period - Snap shot by Danny Biega.
15:47 of 3rd period - Shot Misses the Net.
15:49 of 3rd period - Slapshot by Adam Clendening.
15:49 of 3rd period - Stopped by Marek Mazanec with a rebound.
15:51 of 3rd period - Slapshot by Patrice Cormier.
15:51 of 3rd period - Stopped by Marek Mazanec with a rebound.
15:54 of 3rd period - Penalty to Garrett Wilson is over, Garrett Wilson is back on ice.
16:09 of 3rd period - Slapshot by Adam Clendening.
16:09 of 3rd period - Deflect By Byron Froese.
16:09 of 3rd period - Stopped by Marek Mazanec without a rebound.
16:10 of 3rd period - Nathan Longpre wins face-off versus Carson McMillan in Phantoms zone.
16:10 of 3rd period - Nathan Longpre is hit by Justin Vaive.
16:27 of 3rd period - Snap shot by Charles Sarault.
16:27 of 3rd period - Shot Misses the Net.
16:29 of 3rd period - Snap shot by Carson McMillan.
16:29 of 3rd period - Stopped by Marek Mazanec with a rebound.
16:31 of 3rd period - Slapshot by Carson McMillan.
16:31 of 3rd period - Shot Blocked by Keegan Lowe.
16:33 of 3rd period - Slapshot by Drew Bagnall.
16:33 of 3rd period - Stopped by Marek Mazanec with a rebound.
16:37 of 3rd period - Snap shot by Charles Sarault.
16:37 of 3rd period - Shot Misses the Net.
16:59 of 3rd period - Cody Bass is hit by Garrett Meurs and loses puck.
17:51 of 3rd period - Snap shot by Ben Street.
17:51 of 3rd period - Shot Misses the Net.
18:41 of 3rd period - Snap shot by Chris Neil.
18:41 of 3rd period - Shot Misses the Net.
18:43 of 3rd period - Wrist shot by Chris Neil.
18:43 of 3rd period - Shot Blocked by Jason Gregoire.
18:45 of 3rd period - Slapshot by Bryan Lerg.
18:45 of 3rd period - Deflect By Byron Froese.
18:45 of 3rd period - Stopped by FARM GOALIE14 with a rebound.
18:53 of 3rd period - Minor Penalty to FARM PLAYER15 for Hooking.
18:54 of 3rd period - FARMPLAYER2 wins face-off versus Deryk Engelland in Penguins zone.
19:07 of 3rd period - Slapshot by Brian Strait.
19:07 of 3rd period - Stopped by FARM GOALIE14 with a rebound.
19:09 of 3rd period - Slapshot by Brian Strait.
19:09 of 3rd period - Stopped by FARM GOALIE14 with a rebound.
19:11 of 3rd period - Slapshot by Bryan Allen.
19:11 of 3rd period - Shot Blocked by Jeff Schultz.
19:33 of 3rd period - Jeff Schultz is hit by Chris Neil and loses puck.
19:40 of 3rd period - Snap shot by Chris Neil.
19:40 of 3rd period - Goal by Chris Neil - Phantoms : 14 - Penguins : 1.
19:41 of 3rd period - Patrice Cormier wins face-off versus Chris Langkow in neutral zone.
19:46 of 3rd period - Slapshot by Danny Biega.
19:46 of 3rd period - Stopped by Marek Mazanec with a rebound.
19:48 of 3rd period - Slapshot by Adam Clendening.
19:48 of 3rd period - Stopped by Marek Mazanec with a rebound.
19:50 of 3rd period - Wrist shot by Philippe Cornet.
19:50 of 3rd period - Stopped by Marek Mazanec with a rebound.
19:52 of 3rd period - Slapshot by Adam Clendening.
19:52 of 3rd period - Deflect By Patrice Cormier.
19:52 of 3rd period - Shot Misses the Net.
19:52 of 3rd period - Puck is out of play.
19:53 of 3rd period - Chris Langkow wins face-off versus Patrice Cormier in Phantoms zone.
Goals for this period are 5 for Phantoms vs 0 for Penguins.
Shots for this period are 14 for Phantoms vs 17 for Penguins.